 Dungeon Crawl Stone Soup version 0.29.0-13-gc9e81de378 (webtiles) character file.

Game seed: 3930507983918953335

3 Ofeo the Conjurer (level 1, 0/14 HPs)
             Began as a Meteoran Conjurer on Sept 9, 2022.
             Frozen to death by an endoplasm (2 damage)
             ... on level 1 of the Dungeon.
             The game lasted 00:01:18 (101 turns).

Ofeo the Conjurer (Meteoran Conjurer)                Turns: 101, Time: 00:01:19

Health: 0/14       AC:  2    Str:  8    XL:     1   Next: 71%
Magic:  2/5        EV: 12    Int: 19    God:
Gold:   0          SH:  0    Dex: 12    Spells: 4/5 levels left

rFire   . . .      SeeInvis .   (no weapon)
rCold   . . .      Faith    .   (no shield)
rNeg    . . .      Spirit   .   a - +0 robe
rPois   .          Reflect  .   (no helmet)
rElec   .          Harm     .   (no cloak)
rCorr   .          Rampage  .   (no gloves)
Will    .....                   (no boots)
Stlth   +.........              (no amulet)
HPRegen 0.04/turn               (no ring)
MPRegen 0.09/turn               (no ring)

@: glowing
A: sense surroundings 1, otherworldly, glowing, explore regen
a: no special abilities


You were on level 1 of the Dungeon.
You visited 1 branch of the dungeon, and saw 1 of its levels.

Inventory:

Armour
 a - a +0 robe (worn)
Potions
 b - a potion of magic
 c - a potion of might {unknown}


   Skills:
 + Level 2.5 Dodging
 + Level 1.4 Stealth
 + Level 2.8 Spellcasting
 + Level 4.9 Conjurations


You had 4 spell levels left.
You knew the following spells:

 Your Spells              Type           Power      Damage    Failure   Level
a - Magic Dart            Conj           84%        1d7       1%          1

Your spell library contained the following spells:

 Spells                   Type           Power      Damage    Failure   Level
 Searing Ray              Conj           42%        2d6       3%          2
 Necrotise                Necr           8%         1d4       16%         1
 Dazzling Flash           Conj/Hex       22%        N/A       17%         3
 Vampiric Draining        Necr           2%         2d6       43%         3
 Fulminant Prism          Conj/Hex       5%         3d7       50%         4
 Iskenderun's Mystic Bla  Conj/Tloc      11%        2d4       50%         4
 Agony                    Necr           2%         N/A       99%         5


Dungeon Overview and Level Annotations

Branches:
Dungeon (1/15) Zot: 498

Altars:


Innate Abilities, Weirdness & Mutations

You passively map a small area around you.
You are easily found by Zot.
You glow in the dark.
You regain HP and MP as you explore.


Message History

Confirm with . or Enter, or press ? or * to list all spells.
Aiming: Magic Dart (safe; 1% risk of failure)
Press: ? - help, Shift-Dir - straight line, f/p - ball python
Aim: a ball python (moderately wounded, 100% to hit)
The magic dart hits the ball python.
The ball python is heavily wounded.
The ball python bites you but does no damage.
The ball python barely misses you.
You now have 0/5 mp.
The dart slug launches a dart at you. The slug dart hits you.
You take 2 damage, and have 6/14 hp.
The dart slug launches a dart at you. The slug dart hits you.
* * * LOW HITPOINT WARNING * * *
You take 4 damage, and have 2/14 hp.
MASSIVE DAMAGE!!
A jackal comes into view.
Found 14 gold pieces.
The jackal barks!
A jackal comes into view. x2
An endoplasm and a jackal come into view.
The jackal barks! x2
The ball python bites you.
* * * LOW HITPOINT WARNING * * *
The ball python barely misses you.
You take 1 damage, and have 2/14 hp.
Unknown command.
A goblin comes into view. It is wielding a +0 dagger.
Found 5 poisoned darts.
You regained 2 hp, and now have 4/14 hp.
The jackal attacks as you move away! The jackal bites you.
* * * LOW HITPOINT WARNING * * *
The goblin shouts!
The endoplasm barely misses you. The jackal barely misses you.
You take 2 damage, and have 2/14 hp.
The jackal closely misses you. The endoplasm freezes you.
You are frozen.
You die...

######## #......# **
#...g..# , , *,
#......###, ....
#........ , .>l..
#......#* * * ..... *
#J@# ##(.$.. , ###hh#
....... ,,
#hh.########..#..?.
..#..S.g.g.l........$,
........w..###...#....
.........K?g.)!......# *
*(...#.......##..####...
*
.................###*#.
..$.##....##......... ,,


You could see an endoplasm, 4 jackals, a goblin and a ball python.

Vanquished Creatures
  A bat (D:1)
  A goblin (D:1)
  A frilled lizard (D:1)
3 creatures vanquished.

Notes
Turn   | Place    | Note
-------+----------+-------------------------------------------
     0 | D:1      | Ofeo the Meteoran Conjurer began the quest for the Orb.
     0 | D:1      | Reached XP level 1. HP: 14/14 MP: 5/5
   101 | D:1      | Frozen to death by an endoplasm

Illustrated notes

Levels and vault maps discovered:
D:1:      dpeg_arrival_circle_labyrinth_a, layout_rooms,
          hellmonk_ecumenical_altar_watching_god

Action                   || total
-------------------------++-------
 Cast: Magic Dart        ||     5
Armor: Robe              ||     4
Dodge: Dodged            ||    16
